Workbook

Sheet Orçamento Sintético
D4: Obra | E4: Bancos | G4: B.D.I. | I4: Encargos Sociais
D5: CONSTRUÇÃO DE PONTE DE CONCRETO | E5: SINAPI - 06/2025 - Pará SICRO3 - 04/2025 - Pará SEDOP - 02/2025 - Pará AGETOP RODOVIARIA - 04/2025 - Goiás | G5: 24,66% | I5: Desonerado: embutido nos preços unitário dos insumos de mão de obra, de acordo com as bases.
A6: Orçamento Sintético
A7: Item | B7: Código | C7: Banco | D7: Descrição | E7: Und | F7: Quant. | G7: Valor Unit | H7: Valor Unit com BDI | I7: Total | J7: Peso (%)
A8: 1 | D8: SERVIÇOS INICIAIS | F8: 1 | H8: 8508.76 | I8: 8508.76 | J8: 0.019250588
A9: 1.1 | B9: 103689 | C9: SINAPI | D9: FORNECIMENTO E INSTALAÇÃO DE PLACA DE OBRA COM CHAPA GALVANIZADA E ESTRUTURA DE MADEIRA. AF_03/2022_PS | E9: m² | F9: 4.5 | G9: 461.02 | H9: 574.7 | I9: 2586.15 | J9: 0.0058510181
A10: 1.2 | B10: 73686 | C10: SINAPI | D10: LOCACAO DA OBRA, COM USO DE EQUIPAMENTOS TOPOGRAFICOS, INCLUSIVE NIVELADOR | E10: m² | F10: 65 | G10: 24.38 | H10: 30.39 | I10: 1975.35 | J10: 0.0044691176
A11: 1.3 | B11: 93421 | C11: SINAPI | D11: GRUPO GERADOR REBOCÁVEL, POTÊNCIA 66 KVA, MOTOR A DIESEL - CHP DIURNO. AF_03/2016 | E11: CHP | F11: 37.9727 | G11: 83.39 | H11: 103.95 | I11: 3947.26 | J11: 0.0089304525
A12: 2 | D12: ADMINISTRAÇÃO DE OBRA | F12: 1 | H12: 32222.42 | I12: 32222.42 | J12: 0.072901403
A13: 2.1 | B13: 93572 | C13: SINAPI | D13: ENCARREGADO GERAL DE OBRAS COM ENCARGOS COMPLEMENTARES | E13: MES | F13: 4 | G13: 3875 | H13: 4830.57 | I13: 19322.28 | J13: 0.043715566
A14: 2.2 | B14: 100305 | C14: SINAPI | D14: ENGENHEIRO CIVIL JUNIOR COM ENCARGOS COMPLEMENTARES | E14: H | F14: 102.7 | G14: 100.77 | H14: 125.61 | I14: 12900.14 | J14: 0.029185837
A15: 3 | D15: MOBILIZAÇÃO E DESMOBILIZAÇÃO | F15: 1 | H15: 6997.58 | I15: 6997.58 | J15: 0.015831629
A16: 3.1 | B16: 053 | C16: Próprio | D16: DESMOBILIZAÇÃO | E16: UND | F16: 1 | G16: 2806.67 | H16: 3498.79 | I16: 3498.79 | J16: 0.0079158145
A17: 3.2 | B17: 052 | C17: Próprio | D17: MOBILIZAÇÃO | E17: UND | F17: 1 | G17: 2806.67 | H17: 3498.79 | I17: 3498.79 | J17: 0.0079158145
A18: 4 | D18: ESTACAS | F18: 1 | H18: 50542.53 | I18: 50542.53 | J18: 0.11434962
A19: 4.1 | B19: 102312 | C19: SINAPI | D19: ESCAVAÇÃO MECANIZADA DE VALA COM PROF. DE 3,0 M ATÉ 4,5 M (MÉDIA MONTANTE E JUSANTE/UMA COMPOSIÇÃO POR TRECHO), ESCAVADEIRA (1,2 M3), LARG. DE 1,5 M A 2,5 M, EM SOLO DE 2A CATEGORIA, EM LOCAIS COM ALTO NÍVEL DE INTERFERÊNCIA. AF_09/2024 | E19: m³ | F19: 212.5 | G19: 10.66 | H19: 13.28 | I19: 2822 | J19: 0.0063846154
A20: 4.2 | B20: 93368 | C20: SINAPI | D20: REATERRO MECANIZADO DE VALA COM ESCAVADEIRA HIDRÁULICA (CAPACIDADE DA CAÇAMBA: 0,8 M³/POTÊNCIA: 111 HP), LARGURA ATÉ 1,5 M, PROFUNDIDADE DE 1,5 A 3,0 M, COM SOLO (SEM SUBSTITUIÇÃO) DE 1ª CATEGORIA, COM COMPACTADOR DE SOLOS DE PERCUSSÃO. AF_08/2023 | E20: m³ | F20: 212.5 | G20: 19.64 | H20: 24.48 | I20: 5202 | J20: 0.011769231
A21: 4.3 | B21: 73891/001 | C21: SINAPI | D21: ESGOTAMENTO COM MOTO-BOMBA AUTOESCOVANTE | E21: H | F21: 105.65 | G21: 23.66 | H21: 29.49 | I21: 3115.61 | J21: 0.0070488914
A22: 4.4 | B22: 2306247 | C22: SICRO3 | D22: Arrasamento de estacas de concreto com seção de até 900 cm² | E22: m³ | F22: 54.65 | G22: 230.62 | H22: 287.49 | I22: 15711.32 | J22: 0.035545973
A23: 4.5 | B23: 2306106 | C23: SICRO3 | D23: Estaca pré-moldada de concreto protendido 25 x 25 cm - produzida - sem emenda - cravação | E23: m | F23: 120 | G23: 158.38 | H23: 197.43 | I23: 23691.6 | J23: 0.053600905
A24: 5 | D24: ESTRUTURAL | F24: 1 | H24: 335486.67 | I24: 335486.67 | J24: 0.75901962
A25: 5.1 | D25: LAJE DO TABULEIRO E LAJE DE TRANSIÇÃO | F25: 1 | H25: 65570.74 | I25: 65570.74 | J25: 0.14835009
A26: 5.1.1 | B26: 92267 | C26: SINAPI | D26: FABRICAÇÃO DE FÔRMA PARA LAJES, EM CHAPA DE MADEIRA COMPENSADA RESINADA, E = 17 MM. AF_09/2020 | E26: m² | F26: 19.65 | G26: 51.84 | H26: 64.62 | I26: 1269.78 | J26: 0.0028728054
A27: 5.1.2 | B27: 101792 | C27: SINAPI | D27: ESCORAMENTO DE FÔRMAS DE LAJE EM MADEIRA NÃO APARELHADA, PÉ-DIREITO SIMPLES, INCLUSO TRAVAMENTO, 4 UTILIZAÇÕES. AF_09/2020 | E27: m³ | F27: 125 | G27: 16.92 | H27: 21.09 | I27: 2636.25 | J27: 0.0059643665
A28: 5.1.3 | B28: 92771 | C28: SINAPI | D28: ARMAÇÃO DE LAJE DE ESTRUTURA CONVENCIONAL DE CONCRETO ARMADO UTILIZANDO AÇO CA-50 DE 10,0 MM - MONTAGEM. AF_06/2022 | E28: KG | F28: 400.05 | G28: 11.78 | H28: 14.68 | I28: 5872.73 | J28: 0.013286719
A29: 5.1.4 | B29: 92770 | C29: SINAPI | D29: ARMAÇÃO DE LAJE DE ESTRUTURA CONVENCIONAL DE CONCRETO ARMADO UTILIZANDO AÇO CA-50 DE 8,0 MM - MONTAGEM. AF_06/2022 | E29: KG | F29: 775.92 | G29: 13.12 | H29: 16.35 | I29: 12686.29 | J29: 0.028702014
A30: 5.1.5 | B30: 103674 | C30: SINAPI | D30: CONCRETAGEM DE VIGAS E LAJES, FCK=25 MPA, PARA LAJES PREMOLDADAS COM USO DE BOMBA - LANÇAMENTO, ADENSAMENTO E ACABAMENTO. AF_02/2022_PS | E30: m³ | F30: 40.36 | G30: 856.76 | H30: 1068.03 | I30: 43105.69 | J30: 0.097524186
A31: 5.2 | D31: LONGARINA | F31: 1 | H31: 169749.74 | I31: 169749.74 | J31: 0.38404919
A32: 5.2.1 | B32: 103672 | C32: SINAPI | D32: CONCRETAGEM DE PILARES, FCK = 25 MPA, COM USO DE BOMBA - LANÇAMENTO, ADENSAMENTO E ACABAMENTO. AF_02/2022_PS | E32: m³ | F32: 61.3 | G32: 837.8 | H32: 1044.4 | I32: 64021.72 | J32: 0.14484552
A33: 5.2.2 | B33: 96536 | C33: SINAPI | D33: FABRICAÇÃO, MONTAGEM E DESMONTAGEM DE FÔRMA PARA VIGA BALDRAME, EM MADEIRA SERRADA, E=25 MM, 4 UTILIZAÇÕES. AF_01/2024 | E33: m² | F33: 288.66 | G33: 67.02 | H33: 83.54 | I33: 24114.65 | J33: 0.054558032
A34: 5.2.3 | B34: 92778 | C34: SINAPI | D34: ARMAÇÃO DE PILAR OU VIGA DE UMA ESTRUTURA CONVENCIONAL DE CONCRETO ARMADO EM UMA EDIFICAÇÃO TÉRREA OU SOBRADO UTILIZANDO AÇO CA-50 DE 10,0 MM - MONTAGEM. AF_12/2015 | E34: KG | F34: 935.6 | G34: 13.93 | H34: 17.36 | I34: 16242.01 | J34: 0.036746629
A35: 5.2.4 | B35: 92761 | C35: SINAPI | D35: ARMAÇÃO DE PILAR OU VIGA DE ESTRUTURA CONVENCIONAL DE CONCRETO ARMADO UTILIZANDO AÇO CA-50 DE 8,0 MM - MONTAGEM. AF_06/2022 | E35: KG | F35: 1020.5 | G35: 13.58 | H35: 16.92 | I35: 17266.86 | J35: 0.039065294
A36: 5.2.5 | B36: 92763 | C36: SINAPI | D36: ARMAÇÃO DE PILAR OU VIGA DE ESTRUTURA CONVENCIONAL DE CONCRETO ARMADO UTILIZANDO AÇO CA-50 DE 12,5 MM - MONTAGEM. AF_06/2022 | E36: KG | F36: 435.5 | G36: 10.32 | H36: 12.86 | I36: 5600.53 | J36: 0.012670882
A37: 5.2.6 | B37: 92764 | C37: SINAPI | D37: ARMAÇÃO DE PILAR OU VIGA DE ESTRUTURA CONVENCIONAL DE CONCRETO ARMADO UTILIZANDO AÇO CA-50 DE 16,0 MM - MONTAGEM. AF_06/2022 | E37: KG | F37: 1588.66 | G37: 10.03 | H37: 12.5 | I37: 19858.25 | J37: 0.044928167
A38: 5.2.7 | B38: 92765 | C38: SINAPI | D38: ARMAÇÃO DE PILAR OU VIGA DE ESTRUTURA CONVENCIONAL DE CONCRETO ARMADO UTILIZANDO AÇO CA-50 DE 20,0 MM - MONTAGEM. AF_06/2022 | E38: KG | F38: 588.66 | G38: 11.47 | H38: 14.29 | I38: 8411.95 | J38: 0.019031561
A39: 5.2.8 | B39: 92760 | C39: SINAPI | D39: ARMAÇÃO DE PILAR OU VIGA DE ESTRUTURA CONVENCIONAL DE CONCRETO ARMADO UTILIZANDO AÇO CA-50 DE 6,3 MM - MONTAGEM. AF_06/2022 | E39: KG | F39: 800.55 | G39: 14.27 | H39: 17.78 | I39: 14233.77 | J39: 0.0322031
A40: 5.3 | D40: BLOCO DE COROAMENTO | F40: 1 | H40: 20934.16 | I40: 20934.16 | J40: 0.047362353
A41: 5.3.1 | B41: 96555 | C41: SINAPI | D41: CONCRETAGEM DE BLOCO DE COROAMENTO OU VIGA BALDRAME, FCK 30 MPA, COM USO DE JERICA - LANÇAMENTO, ADENSAMENTO E ACABAMENTO. AF_01/2024 | E41: m³ | F41: 10.22 | G41: 1007.84 | H41: 1256.37 | I41: 12840.1 | J41: 0.02905
A42: 5.3.2 | B42: 96531 | C42: SINAPI | D42: FABRICAÇÃO, MONTAGEM E DESMONTAGEM DE FÔRMA PARA BLOCO DE COROAMENTO, EM MADEIRA SERRADA, E=25 MM, 2 UTILIZAÇÕES. AF_01/2024 | E42: m² | F42: 25.66 | G42: 107.58 | H42: 134.1 | I42: 3441 | J42: 0.0077850679
A43: 5.3.3 | B43: 104920 | C43: SINAPI | D43: ARMAÇÃO DE BLOCO, SAPATA ISOLADA, VIGA BALDRAME E SAPATA CORRIDA UTILIZANDO AÇO CA-50 DE 12,5 MM - MONTAGEM. AF_01/2024 | E43: KG | F43: 135.55 | G43: 11.71 | H43: 14.59 | I43: 1977.67 | J43: 0.0044743665
A44: 5.3.4 | B44: 104918 | C44: SINAPI | D44: ARMAÇÃO DE SAPATA ISOLADA, VIGA BALDRAME E SAPATA CORRIDA UTILIZANDO AÇO CA-50 DE 8 MM - MONTAGEM. AF_01/2024 | E44: KG | F44: 140.22 | G44: 15.31 | H44: 19.08 | I44: 2675.39 | J44: 0.0060529186
A45: 5.4 | D45: PILARES, VIGAS E GUARDA RODAS | F45: 1 | H45: 79232.03 | I45: 79232.03 | J45: 0.17925799
A46: 5.4.1 | B46: 84153 | C46: SINAPI | D46: APARELHO DE APOIO NEOPRENE NAO FRETADO (1,4KG/DM3) | E46: KG | F46: 125.65 | G46: 54.74 | H46: 68.23 | I46: 8573.09 | J46: 0.019396131
A47: 5.4.2 | B47: 103672 | C47: SINAPI | D47: CONCRETAGEM DE PILARES, FCK = 25 MPA, COM USO DE BOMBA - LANÇAMENTO, ADENSAMENTO E ACABAMENTO. AF_02/2022_PS | E47: m³ | F47: 32.66 | G47: 837.8 | H47: 1044.4 | I47: 34110.1 | J47: 0.077172172
A48: 5.4.3 | B48: 92269 | C48: SINAPI | D48: FABRICAÇÃO DE FÔRMA PARA PILARES E ESTRUTURAS SIMILARES, EM MADEIRA SERRADA, E=25 MM. AF_09/2020 | E48: m² | F48: 102.55 | G48: 147.47 | H48: 183.83 | I48: 18851.76 | J48: 0.042651041
A49: 5.4.4 | B49: 104110 | C49: SINAPI | D49: ARMAÇÃO DE PILAR OU VIGA DE ESTRUTURA DE CONCRETO ARMADO EMBUTIDA EM ALVENARIA DE VEDAÇÃO UTILIZANDO AÇO CA-50 DE 6,3 MM - MONTAGEM. AF_06/2022 | E49: KG | F49: 140.55 | G49: 18.57 | H49: 23.14 | I49: 3252.32 | J49: 0.00735819
A50: 5.4.5 | B50: 92761 | C50: SINAPI | D50: ARMAÇÃO DE PILAR OU VIGA DE ESTRUTURA CONVENCIONAL DE CONCRETO ARMADO UTILIZANDO AÇO CA-50 DE 8,0 MM - MONTAGEM. AF_06/2022 | E50: KG | F50: 360.55 | G50: 13.58 | H50: 16.92 | I50: 6100.5 | J50: 0.013802036
A51: 5.4.6 | B51: 92762 | C51: SINAPI | D51: ARMAÇÃO DE PILAR OU VIGA DE ESTRUTURA CONVENCIONAL DE CONCRETO ARMADO UTILIZANDO AÇO CA-50 DE 10,0 MM - MONTAGEM. AF_06/2022 | E51: KG | F51: 385.55 | G51: 12.21 | H51: 15.22 | I51: 5868.07 | J51: 0.013276176
A52: 5.4.7 | B52: 92763 | C52: SINAPI | D52: ARMAÇÃO DE PILAR OU VIGA DE ESTRUTURA CONVENCIONAL DE CONCRETO ARMADO UTILIZANDO AÇO CA-50 DE 12,5 MM - MONTAGEM. AF_06/2022 | E52: KG | F52: 192.55 | G52: 10.32 | H52: 12.86 | I52: 2476.19 | J52: 0.0056022398
A53: 6 | D53: SERVIÇOS AUXILIARES | F53: 1 | H53: 1915.81 | I53: 1915.81 | J53: 0.0043344118
A54: 6.1 | B54: 0307733 | C54: SICRO3 | D54: Junta de dilatação em elastômero e perfil VV - L = 20 mm e H = 40 mm - fornecimento e instalação | E54: m | F54: 5.1 | G54: 260.81 | H54: 325.12 | I54: 1658.11 | J54: 0.0037513801
A55: 6.2 | B55: 3806408 | C55: SICRO3 | D55: Dreno de PVC D = 75 mm - fornecimento e instalação | E55: m | F55: 3.1 | G55: 66.69 | H55: 83.13 | I55: 257.7 | J55: 0.00058303167
A56: 7 | D56: SERVIÇOS FINAIS | F56: 1 | H56: 6326.23 | I56: 6326.23 | J56: 0.014312738
A57: 7.1 | B57: 103697 | C57: SINAPI | D57: FORNECIMENTO E INSTALAÇÃO DE SUPORTE DE MADEIRA PARA PLACAS DE SINALIZAÇÃO, EM BASE DE CONCRETO, COM H= DE 2,0 M E SEÇÃO DE 7,5 X 7,5 CM. AF_03/2022 | E57: UN | F57: 2 | G57: 122.02 | H57: 152.11 | I57: 304.22 | J57: 0.00068828054
A58: 7.2 | B58: 103698 | C58: SINAPI | D58: FORNECIMENTO E INSTALAÇÃO DE PLACA DE SINALIZAÇÃO EM CHAPA DE ALUMÍNIO EM SUPORTE METÁLICO. AF_03/2022 | E58: m² | F58: 1.44 | G58: 371.02 | H58: 462.51 | I58: 666.01 | J58: 0.00150681
A59: 7.3 | B59: 102494 | C59: SINAPI | D59: PINTURA DE PISO COM TINTA EPÓXI, APLICAÇÃO MANUAL, 2 DEMÃOS, INCLUSO PRIMER EPÓXI. AF_05/2021 | E59: m² | F59: 65 | G59: 66.1 | H59: 82.4 | I59: 5356 | J59: 0.012117647
F61: Total sem BDI | H61: 354610.5
F62: Total do BDI | H62: 87389.5
F63: Total Geral | H63: 442000

Sheet ANALITICO
D3: Obra | E3: Bancos | G3: B.D.I. | I3: Encargos Sociais
D4: CONSTRUÇÃO DE PONTE DE CONCRETO | E4: SINAPI - 06/2025 - Pará SICRO3 - 04/2025 - Pará SEDOP - 02/2025 - Pará AGETOP RODOVIARIA - 04/2025 - Goiás | G4: 24,66% | I4: Desonerado: embutido nos preços unitário dos insumos de mão de obra, de acordo com as bases.
A5: 1 | D5: SERVIÇOS INICIAIS | J5: 8508.76
A6: 1.1 | B6: Código | C6: Banco | D6: Descrição | E6: Tipo | G6: Und | H6: Quant. | I6: Valor Unit | J6: Total
A7: Composição | B7: 103689 | C7: SINAPI | D7: FORNECIMENTO E INSTALAÇÃO DE PLACA DE OBRA COM CHAPA GALVANIZADA E ESTRUTURA DE MADEIRA. AF_03/2022_PS | E7: PAVI - PAVIMENTAÇÃO | G7: m² | H7: 1 | I7: 461.02 | J7: 461.02
A8: Composição Auxiliar | B8: 102234 | C8: SINAPI | D8: PINTURA IMUNIZANTE PARA MADEIRA, 2 DEMÃOS. AF_01/2021 | E8: PINT - PINTURAS | G8: m² | H8: 0.5 | I8: 24.12 | J8: 12.06
A9: Composição Auxiliar | B9: 88316 | C9: SINAPI | D9: SERVENTE COM ENCARGOS COMPLEMENTARES | E9: SEDI - SERVIÇOS DIVERSOS | G9: H | H9: 1.1186 | I9: 20.57 | J9: 23
A10: Composição Auxiliar | B10: 88262 | C10: SINAPI | D10: CARPINTEIRO DE FORMAS COM ENCARGOS COMPLEMENTARES | E10: SEDI - SERVIÇOS DIVERSOS | G10: H | H10: 0.3729 | I10: 25.23 | J10: 9.4
A11: Insumo | B11: 00005069 | C11: SINAPI | D11: PREGO DE ACO POLIDO COM CABECA 17 X 27 (2 1/2 X 11) | E11: Material | G11: KG | H11: 0.0132 | I11: 17.5 | J11: 0.23
A12: Insumo | B12: 00004509 | C12: SINAPI | D12: SARRAFO *2,5 X 10* CM EM PINUS, MISTA OU EQUIVALENTE DA REGIAO - BRUTA | E12: Material | G12: M | H12: 3.2083 | I12: 4.98 | J12: 15.97
A13: Insumo | B13: 00004813 | C13: SINAPI | D13: PLACA DE OBRA (PARA CONSTRUCAO CIVIL) EM CHAPA GALVANIZADA *N. 22*, ADESIVADA, DE *2,4 X 1,2* M (SEM POSTES PARA FIXACAO) | E13: Material | G13: m² | H13: 1 | I13: 400 | J13: 400
A14: Insumo | B14: 00005065 | C14: SINAPI | D14: PREGO DE ACO POLIDO COM CABECA 10 X 10 (7/8 X 17) | E14: Material | G14: KG | H14: 0.0113 | I14: 32.66 | J14: 0.36
E15: MO sem LS => | F15: 24.76 | G15: LS => | H15: 0 | I15: MO com LS => | J15: 24.76
E16: Valor do BDI => | F16: 113.68 | H16: Valor com BDI => | J16: 574.7
G17: Quant. => | H17: 4,50 | I17: Preço Total => | J17: 2586.15
A19: 1.2 | B19: Código | C19: Banco | D19: Descrição | E19: Tipo | G19: Und | H19: Quant. | I19: Valor Unit | J19: Total
A20: Composição | B20: 73686 | C20: SINAPI | D20: LOCACAO DA OBRA, COM USO DE EQUIPAMENTOS TOPOGRAFICOS, INCLUSIVE NIVELADOR | E20: SERT - SERVIÇOS TÉCNICOS | G20: m² | H20: 1 | I20: 24.38 | J20: 24.38
A21: Composição Auxiliar | B21: 88262 | C21: SINAPI | D21: CARPINTEIRO DE FORMAS COM ENCARGOS COMPLEMENTARES | E21: SEDI - SERVIÇOS DIVERSOS | G21: H | H21: 0.13 | I21: 25.23 | J21: 3.27
A22: Composição Auxiliar | B22: 88253 | C22: SINAPI | D22: AUXILIAR DE TOPÓGRAFO COM ENCARGOS COMPLEMENTARES | E22: SEDI - SERVIÇOS DIVERSOS | G22: H | H22: 0.6 | I22: 12.63 | J22: 7.57
A23: Composição Auxiliar | B23: 88316 | C23: SINAPI | D23: SERVENTE COM ENCARGOS COMPLEMENTARES | E23: SEDI - SERVIÇOS DIVERSOS | G23: H | H23: 0.13 | I23: 20.57 | J23: 2.67
A24: Composição Auxiliar | B24: 88288 | C24: SINAPI | D24: NIVELADOR COM ENCARGOS COMPLEMENTARES | E24: SEDI - SERVIÇOS DIVERSOS | G24: H | H24: 0.1 | I24: 15.22 | J24: 1.52
A25: Insumo | B25: 00004433 | C25: SINAPI | D25: CAIBRO NAO APARELHADO *6 X 6* CM, EM MACARANDUBA/MASSARANDUBA, ANGELIM OU EQUIVALENTE DA REGIAO - BRUTA | E25: Material | G25: M | H25: 0.04 | I25: 23.46 | J25: 0.93
A26: Insumo | B26: 00007252 | C26: SINAPI | D26: LOCACAO DE NIVEL OPTICO, COM PRECISAO DE 0,7 MM, AUMENTO DE 32X | E26: Equipamento | G26: H | H26: 0.1 | I26: 2.34 | J26: 0.23
A27: Insumo | B27: 00000344 | C27: SINAPI | D27: ARAME GALVANIZADO 16 BWG, D = 1,65MM (0,0166 KG/M) | E27: Material | G27: KG | H27: 0.02 | I27: 33.98 | J27: 0.67
A28: Insumo | B28: 00005074 | C28: SINAPI | D28: PREGO DE ACO POLIDO COM CABECA 15 X 18 (1 1/2 X 13) | E28: Material | G28: KG | H28: 0.012 | I28: 19.24 | J28: 0.23
A29: Insumo | B29: 00007247 | C29: SINAPI | D29: LOCACAO DE TEODOLITO ELETRONICO, PRECISAO ANGULAR DE 5 A 7 SEGUNDOS, INCLUINDO TRIPE | E29: Equipamento | G29: H | H29: 0.1 | I29: 2.34 | J29: 0.23
A30: Insumo | B30: 00006189 | C30: SINAPI | D30: TABUA NAO APARELHADA *2,5 X 30* CM, EM MACARANDUBA/MASSARANDUBA, ANGELIM OU EQUIVALENTE DA REGIAO - BRUTA | E30: Material | G30: M | H30: 0.2853 | I30: 24.75 | J30: 7.06
E31: MO sem LS => | F31: 11.5 | G31: LS => | H31: 0 | I31: MO com LS => | J31: 11.5
E32: Valor do BDI => | F32: 6.01 | H32: Valor com BDI => | J32: 30.39
G33: Quant. => | H33: 65,00 | I33: Preço Total => | J33: 1975.35
A35: 1.3 | B35: Código | C35: Banco | D35: Descrição | E35: Tipo | G35: Und | H35: Quant. | I35: Valor Unit | J35: Total
A36: Composição | B36: 93421 | C36: SINAPI | D36: GRUPO GERADOR REBOCÁVEL, POTÊNCIA 66 KVA, MOTOR A DIESEL - CHP DIURNO. AF_03/2016 | E36: CHOR - CUSTOS HORÁRIOS DE MÁQUINAS E EQUIPAMENTOS | G36: CHP | H36: 1 | I36: 83.39 | J36: 83.39
A37: Composição Auxiliar | B37: 93420 | C37: SINAPI | D37: GRUPO GERADOR REBOCÁVEL, POTÊNCIA 66 KVA, MOTOR A DIESEL - MATERIAIS NA OPERAÇÃO. AF_03/2016 | E37: CHOR - CUSTOS HORÁRIOS DE MÁQUINAS E EQUIPAMENTOS | G37: H | H37: 1 | I37: 73.31 | J37: 73.31
A38: Composição Auxiliar | B38: 93417 | C38: SINAPI | D38: GRUPO GERADOR REBOCÁVEL, POTÊNCIA 66 KVA, MOTOR A DIESEL - DEPRECIAÇÃO. AF_03/2016 | E38: CHOR - CUSTOS HORÁRIOS DE MÁQUINAS E EQUIPAMENTOS | G38: H | H38: 1 | I38: 4.49 | J38: 4.49
A39: Composição Auxiliar | B39: 93419 | C39: SINAPI | D39: GRUPO GERADOR REBOCÁVEL, POTÊNCIA 66 KVA, MOTOR A DIESEL - MANUTENÇÃO. AF_03/2016 | E39: CHOR - CUSTOS HORÁRIOS DE MÁQUINAS E EQUIPAMENTOS | G39: H | H39: 1 | I39: 4.01 | J39: 4.01
A40: Composição Auxiliar | B40: 93418 | C40: SINAPI | D40: GRUPO GERADOR REBOCÁVEL, POTÊNCIA 66 KVA, MOTOR A DIESEL - JUROS. AF_03/2016 | E40: CHOR - CUSTOS HORÁRIOS DE MÁQUINAS E EQUIPAMENTOS | G40: H | H40: 1 | I40: 1.58 | J40: 1.58
E41: MO sem LS => | F41: 0 | G41: LS => | H41: 0 | I41: MO com LS => | J41: 0
E42: Valor do BDI => | F42: 20.56 | H42: Valor com BDI => | J42: 103.95
G43: Quant. => | H43: 37,9727 | I43: Preço Total => | J43: 3947.26
A45: 2 | D45: ADMINISTRAÇÃO DE OBRA | J45: 32222.42
A46: 2.1 | B46: Código | C46: Banco | D46: Descrição | E46: Tipo | G46: Und | H46: Quant. | I46: Valor Unit | J46: Total
A47: Composição | B47: 93572 | C47: SINAPI | D47: ENCARREGADO GERAL DE OBRAS COM ENCARGOS COMPLEMENTARES | E47: SEDI - SERVIÇOS DIVERSOS | G47: MES | H47: 1 | I47: 3875 | J47: 3875
A48: Composição Auxiliar | B48: 95422 | C48: SINAPI | D48: CURSO DE CAPACITAÇÃO PARA ENCARREGADO GERAL DE OBRAS (ENCARGOS COMPLEMENTARES) - MENSALISTA | E48: SEDI - SERVIÇOS DIVERSOS | G48: MES | H48: 1 | I48: 60.26 | J48: 60.26
A49: Insumo | B49: 00040863 | C49: SINAPI | D49: EXAMES - MENSALISTA (COLETADO CAIXA - ENCARGOS COMPLEMENTARES) | E49: Material | G49: MES | H49: 1 | I49: 252.08 | J49: 252.08
A50: Insumo | B50: 00043475 | C50: SINAPI | D50: FERRAMENTAS - FAMILIA ENCARREGADO GERAL - MENSALISTA (ENCARGOS COMPLEMENTARES - COLETADO CAIXA) | E50: Material | G50: MES | H50: 1 | I50: 18.73 | J50: 18.73
A51: Insumo | B51: 00040864 | C51: SINAPI | D51: SEGURO - MENSALISTA (COLETADO CAIXA - ENCARGOS COMPLEMENTARES) | E51: Material | G51: MES | H51: 1 | I51: 7.31 | J51: 7.31
A52: Insumo | B52: 00043499 | C52: SINAPI | D52: EPI - FAMILIA ENCARREGADO GERAL - MENSALISTA (ENCARGOS COMPLEMENTARES - COLETADO CAIXA) | E52: Material | G52: MES | H52: 1 | I52: 236.16 | J52: 236.16
A53: Insumo | B53: 00040818 | C53: SINAPI | D53: ENCARREGADO GERAL DE OBRAS (MENSALISTA) | E53: Mão de Obra | G53: MES | H53: 1 | I53: 3300.46 | J53: 3300.46
E54: MO sem LS => | F54: 3360.72 | G54: LS => | H54: 0 | I54: MO com LS => | J54: 3360.72
E55: Valor do BDI => | F55: 955.57 | H55: Valor com BDI => | J55: 4830.57
G56: Quant. => | H56: 4,00 | I56: Preço Total => | J56: 19322.28
A58: 2.2 | B58: Código | C58: Banco | D58: Descrição | E58: Tipo | G58: Und | H58: Quant. | I58: Valor Unit | J58: Total
A59: Composição | B59: 100305 | C59: SINAPI | D59: ENGENHEIRO CIVIL JUNIOR COM ENCARGOS COMPLEMENTARES | E59: SEDI - SERVIÇOS DIVERSOS | G59: H | H59: 1 | I59: 100.77 | J59: 100.77
A60: Composição Auxiliar | B60: 100296 | C60: SINAPI | D60: CURSO DE CAPACITAÇÃO PARA ENGENHEIRO CIVIL JUNIOR (ENCARGOS COMPLEMENTARES) - HORISTA | E60: SEDI - SERVIÇOS DIVERSOS | G60: H | H60: 1 | I60: 1.18 | J60: 1.18
A61: Insumo | B61: 00037372 | C61: SINAPI | D61: EXAMES - HORISTA (COLETADO CAIXA - ENCARGOS COMPLEMENTARES) | E61: Material | G61: H | H61: 1 | I61: 1.34 | J61: 1.34
A62: Insumo | B62: 00043462 | C62: SINAPI | D62: FERRAMENTAS - FAMILIA ENGENHEIRO CIVIL - HORISTA (ENCARGOS COMPLEMENTARES - COLETADO CAIXA) | E62: Material | G62: H | H62: 1 | I62: 0.01 | J62: 0.01
A63: Insumo | B63: 00034779 | C63: SINAPI | D63: ENGENHEIRO CIVIL JUNIOR | E63: Mão de Obra | G63: H | H63: 1 | I63: 97.46 | J63: 97.46
A64: Insumo | B64: 00043486 | C64: SINAPI | D64: EPI - FAMILIA ENGENHEIRO CIVIL - HORISTA (ENCARGOS COMPLEMENTARES - COLETADO CAIXA) | E64: Material | G64: H | H64: 1 | I64: 0.74 | J64: 0.74
A65: Insumo | B65: 00037373 | C65: SINAPI | D65: SEGURO - HORISTA (COLETADO CAIXA - ENCARGOS COMPLEMENTARES) | E65: Taxas | G65: H | H65: 1 | I65: 0.04 | J65: 0.04
E66: MO sem LS => | F66: 98.64 | G66: LS => | H66: 0 | I66: MO com LS => | J66: 98.64
E67: Valor do BDI => | F67: 24.84 | H67: Valor com BDI => | J67: 125.61
G68: Quant. => | H68: 102,70 | I68: Preço Total => | J68: 12900.14
A70: 3 | D70: MOBILIZAÇÃO E DESMOBILIZAÇÃO | J70: 6997.58
A71: 3.1 | B71: Código | C71: Banco | D71: Descrição | E71: Tipo | G71: Und | H71: Quant. | I71: Valor Unit | J71: Total
A72: Composição | B72: 053 | C72: Próprio | D72: DESMOBILIZAÇÃO | E72: ASTU - ASSENTAMENTO DE TUBOS E PECAS | G72: UND | H72: 1 | I72: 2806.67 | J72: 2806.67
A73: Composição Auxiliar | B73: 73467 | C73: SINAPI | D73: CAMINHÃO TOCO, PBT 14.300 KG, CARGA ÚTIL MÁX. 9.710 KG, DIST. ENTRE EIXOS 3,56 M, POTÊNCIA 185 CV, INCLUSIVE CARROCERIA FIXA ABERTA DE MADEIRA P/ TRANSPORTE GERAL DE CARGA SECA, DIMEN. APROX. 2,50 X 6,50 X 0,50 M - CHP DIURNO. AF_06/2014 | E73: CHOR - CUSTOS HORÁRIOS DE MÁQUINAS E EQUIPAMENTOS | G73: CHP | H73: 8 | I73: 260.84 | J73: 2086.72
A74: Composição Auxiliar | B74: 88316 | C74: SINAPI | D74: SERVENTE COM ENCARGOS COMPLEMENTARES | E74: SEDI - SERVIÇOS DIVERSOS | G74: H | H74: 35 | I74: 20.57 | J74: 719.95
E75: MO sem LS => | F75: 588.42 | G75: LS => | H75: 0 | I75: MO com LS => | J75: 588.42
E76: Valor do BDI => | F76: 692.12 | H76: Valor com BDI => | J76: 3498.79
G77: Quant. => | H77: 1,00 | I77: Preço Total => | J77: 3498.79
A79: 3.2 | B79: Código | C79: Banco | D79: Descrição | E79: Tipo | G79: Und | H79: Quant. | I79: Valor Unit | J79: Total
A80: Composição | B80: 052 | C80: Próprio | D80: MOBILIZAÇÃO | E80: ASTU - ASSENTAMENTO DE TUBOS E PECAS | G80: UND | H80: 1 | I80: 2806.67 | J80: 2806.67
A81: Composição Auxiliar | B81: 88316 | C81: SINAPI | D81: SERVENTE COM ENCARGOS COMPLEMENTARES | E81: SEDI - SERVIÇOS DIVERSOS | G81: H | H81: 35 | I81: 20.57 | J81: 719.95
A82: Composição Auxiliar | B82: 73467 | C82: SINAPI | D82: CAMINHÃO TOCO, PBT 14.300 KG, CARGA ÚTIL MÁX. 9.710 KG, DIST. ENTRE EIXOS 3,56 M, POTÊNCIA 185 CV, INCLUSIVE CARROCERIA FIXA ABERTA DE MADEIRA P/ TRANSPORTE GERAL DE CARGA SECA, DIMEN. APROX. 2,50 X 6,50 X 0,50 M - CHP DIURNO. AF_06/2014 | E82: CHOR - CUSTOS HORÁRIOS DE MÁQUINAS E EQUIPAMENTOS | G82: CHP | H82: 8 | I82: 260.84 | J82: 2086.72
E83: MO sem LS => | F83: 588.42 | G83: LS => | H83: 0 | I83: MO com LS => | J83: 588.42
E84: Valor do BDI => | F84: 692.12 | H84: Valor com BDI => | J84: 3498.79
G85: Quant. => | H85: 1,00 | I85: Preço Total => | J85: 3498.79
A87: 4 | D87: ESTACAS | J87: 50542.53
A88: 4.1 | B88: Código | C88: Banco | D88: Descrição | E88: Tipo | G88: Und | H88: Quant. | I88: Valor Unit | J88: Total
A89: Composição | B89: 102312 | C89: SINAPI | D89: ESCAVAÇÃO MECANIZADA DE VALA COM PROF. DE 3,0 M ATÉ 4,5 M (MÉDIA MONTANTE E JUSANTE/UMA COMPOSIÇÃO POR TRECHO), ESCAVADEIRA (1,2 M3), LARG. DE 1,5 M A 2,5 M, EM SOLO DE 2A CATEGORIA, EM LOCAIS COM ALTO NÍVEL DE INTERFERÊNCIA. AF_09/2024 | E89: MOVT - MOVIMENTO DE TERRA | G89: m³ | H89: 1 | I89: 10.66 | J89: 10.66
A90: Composição Auxiliar | B90: 88907 | C90: SINAPI | D90: ESCAVADEIRA HIDRÁULICA SOBRE ESTEIRAS, CAÇAMBA 1,20 M3, PESO OPERACIONAL 21 T, POTÊNCIA BRUTA 155 HP - CHP DIURNO. AF_06/2014 | E90: CHOR - CUSTOS HORÁRIOS DE MÁQUINAS E EQUIPAMENTOS | G90: CHP | H90: 0.0290866 | I90: 257.29 | J90: 7.48
A91: Composição Auxiliar | B91: 88316 | C91: SINAPI | D91: SERVENTE COM ENCARGOS COMPLEMENTARES | E91: SEDI - SERVIÇOS DIVERSOS | G91: H | H91: 0.0519984 | I91: 20.57 | J91: 1.06
A92: Composição Auxiliar | B92: 88908 | C92: SINAPI | D92: ESCAVADEIRA HIDRÁULICA SOBRE ESTEIRAS, CAÇAMBA 1,20 M3, PESO OPERACIONAL 21 T, POTÊNCIA BRUTA 155 HP - CHI DIURNO. AF_06/2014 | E92: CHOR - CUSTOS HORÁRIOS DE MÁQUINAS E EQUIPAMENTOS | G92: CHI | H92: 0.0229118 | I92: 92.91 | J92: 2.12
E93: MO sem LS => | F93: 1.66 | G93: LS => | H93: 0 | I93: MO com LS => | J93: 1.66
E94: Valor do BDI => | F94: 2.62 | H94: Valor com BDI => | J94: 13.28
G95: Quant. => | H95: 212,50 | I95: Preço Total => | J95: 2822
A97: 4.2 | B97: Código | C97: Banco | D97: Descrição | E97: Tipo | G97: Und | H97: Quant. | I97: Valor Unit | J97: Total
A98: Composição | B98: 93368 | C98: SINAPI | D98: REATERRO MECANIZADO DE VALA COM ESCAVADEIRA HIDRÁULICA (CAPACIDADE DA CAÇAMBA: 0,8 M³/POTÊNCIA: 111 HP), LARGURA ATÉ 1,5 M, PROFUNDIDADE DE 1,5 A 3,0 M, COM SOLO (SEM SUBSTITUIÇÃO) DE 1ª CATEGORIA, COM COMPACTADOR DE SOLOS DE PERCUSSÃO. AF_08/2023 | E98: MOVT - MOVIMENTO DE TERRA | G98: m³ | H98: 1 | I98: 19.64 | J98: 19.64
A99: Composição Auxiliar | B99: 91533 | C99: SINAPI | D99: COMPACTADOR DE SOLOS DE PERCUSSÃO (SOQUETE) COM MOTOR A GASOLINA 4 TEMPOS, POTÊNCIA 4 CV - CHP DIURNO. AF_08/2015 | E99: CHOR - CUSTOS HORÁRIOS DE MÁQUINAS E EQUIPAMENTOS | G99: CHP | H99: 0.1285 | I99: 32.94 | J99: 4.23
A100: Composição Auxiliar | B100: 5901 | C100: SINAPI | D100: CAMINHÃO PIPA 10.000 L TRUCADO, PESO BRUTO TOTAL 23.000 KG, CARGA ÚTIL MÁXIMA 15.935 KG, DISTÂNCIA ENTRE EIXOS 4,8 M, POTÊNCIA 230 CV, INCLUSIVE TANQUE DE AÇO PARA TRANSPORTE DE ÁGUA - CHP DIURNO. AF_06/2014 | E100: CHOR - CUSTOS HORÁRIOS DE MÁQUINAS E EQUIPAMENTOS | G100: CHP | H100: 0.0054 | I100: 334.26 | J100: 1.8
A101: Composição Auxiliar | B101: 5631 | C101: SINAPI | D101: ESCAVADEIRA HIDRÁULICA SOBRE ESTEIRAS, CAÇAMBA 0,80 M3, PESO OPERACIONAL 17 T, POTENCIA BRUTA 111 HP - CHP DIURNO. AF_06/2014 | E101: CHOR - CUSTOS HORÁRIOS DE MÁQUINAS E EQUIPAMENTOS | G101: CHP | H101: 0.0372 | I101: 213.99 | J101: 7.96
A102: Composição Auxiliar | B102: 88316 | C102: SINAPI | D102: SERVENTE COM ENCARGOS COMPLEMENTARES | E102: SEDI - SERVIÇOS DIVERSOS | G102: H | H102: 0.0507 | I102: 20.57 | J102: 1.04
A103: Composição Auxiliar | B103: 5632 | C103: SINAPI | D103: ESCAVADEIRA HIDRÁULICA SOBRE ESTEIRAS, CAÇAMBA 0,80 M3, PESO OPERACIONAL 17 T, POTENCIA BRUTA 111 HP - CHI DIURNO. AF_06/2014 | E103: CHOR - CUSTOS HORÁRIOS DE MÁQUINAS E EQUIPAMENTOS | G103: CHI | H103: 0.0537 | I103: 85.15 | J103: 4.57
A104: Composição Auxiliar | B104: 5903 | C104: SINAPI | D104: CAMINHÃO PIPA 10.000 L TRUCADO, PESO BRUTO TOTAL 23.000 KG, CARGA ÚTIL MÁXIMA 15.935 KG, DISTÂNCIA ENTRE EIXOS 4,8 M, POTÊNCIA 230 CV, INCLUSIVE TANQUE DE AÇO PARA TRANSPORTE DE ÁGUA - CHI DIURNO. AF_06/2014 | E104: CHOR - CUSTOS HORÁRIOS DE MÁQUINAS E EQUIPAMENTOS | G104: CHI | H104: 0.0006 | I104: 70.65 | J104: 0.04
E105: MO sem LS => | F105: 4.76 | G105: LS => | H105: 0 | I105: MO com LS => | J105: 4.76
E106: Valor do BDI => | F106: 4.84 | H106: Valor com BDI => | J106: 24.48
G107: Quant. => | H107: 212,50 | I107: Preço Total => | J107: 5202
A109: 4.3 | B109: Código | C109: Banco | D109: Descrição | E109: Tipo | G109: Und | H109: Quant. | I109: Valor Unit | J109: Total
A110: Composição | B110: 73891/001 | C110: SINAPI | D110: ESGOTAMENTO COM MOTO-BOMBA AUTOESCOVANTE | E110: DROP - DRENAGEM/OBRAS DE CONTENÇÃO / POÇOS DE VISITA E CAIXAS | G110: H | H110: 1 | I110: 23.66 | J110: 23.66
A111: Composição Auxiliar | B111: 88316 | C111: SINAPI | D111: SERVENTE COM ENCARGOS COMPLEMENTARES | E111: SEDI - SERVIÇOS DIVERSOS | G111: H | H111: 0.1 | I111: 20.57 | J111: 2.05
...

Sheet BDI
A4: ='Orçamento Sintético'!D5 -> CONSTRUÇÃO DE PONTE DE CONCRETO
A7: COMPOSIÇÃO DE B.D.I. (BONIFICAÇÃO E DESPESAS INDIRETAS)
A8: DESONERADO
A9: ITEM | B9: DESCRIÇÃO | F9: %
A10: 1 | B10: CUSTOS DIRETOS | F10: 0.0536
A12: 1.1 | B12: ADMINISTRAÇÃO CENTRAL - (AC) | F12: 0.03
A14: 1.2 | B14: SEGUROS - (S) | F14: 0.004
A16: 1.3 | B16: GARANTIAS - (G) | F16: 0.004
A18: 1.4 | B18: RISCOS - (R). | F18: 0.0097
A20: 1.5 | B20: DESPESAS FINANCEIRAS - (DF) | F20: 0.0059
A22: 2 | B22: IMPOSTOS - (I) | F22: =SUM(F23:F26) -> 0.1025
A23: 2.1 | B23: PIS | F23: 0.0065
A24: 2.2 | B24: COFINS | F24: 0.03
A25: 2.3 | B25: IMPOSTO SOBRE SERVIÇO - I.S.S. | F25: 0.03
A26: 2.4 | B26: INSS | F26: 0.036
A28: 3 | B28: LUCRO - (L) | F28: =F29 -> 0.0616
A29: 3.1 | B29: LUCRATIVIDADE BRUTA | F29: 0.0616
A31: 4 | B31: BDI | F31: =(((1+F12+F14+F18+F16)*(1+F20)*(1+F28))/(1-F22))-1 -> 0.2465744

Sheet CRONOGRAMA
B3: Obra | C3: Bancos | D3: B.D.I. | F3: Encargos Sociais
B4: ='Orçamento Sintético'!D5 -> CONSTRUÇÃO DE PONTE DE CONCRETO | C4: SINAPI - 06/2025 - Pará SICRO3 - 04/2025 - Pará SEDOP - 02/2025 - Pará AGETOP RODOVIARIA - 04/2025 - Goiás | D4: 24,66% | F4: Desonerado: embutido nos preços unitário dos insumos de mão de obra, de acordo com as bases.
A5: Cronograma Físico e Financeiro
A6: Item | B6: Descrição | C6: Total Por Etapa | D6: 30 DIAS | E6: 60 DIAS | F6: 90 DIAS | G6: 120 DIAS
A7: 1 | B7: SERVIÇOS INICIAIS | C7: 100,00% 8.508,76 | D7: 100,00% 8.508,76
A8: 2 | B8: ADMINISTRAÇÃO DE OBRA | C8: 100,00% 32.222,42 | D8: 25,00% 8.055,61 | E8: 25,00% 8.055,61 | F8: 25,00% 8.055,61 | G8: 25,00% 8.055,61
A9: 3 | B9: MOBILIZAÇÃO E DESMOBILIZAÇÃO | C9: 100,00% 6.997,58 | D9: 50,00% 3.498,79 | G9: 50,00% 3.498,79
A10: 4 | B10: ESTACAS | C10: 100,00% 50.542,53 | D10: 50,00% 25.271,27 | E10: 50,00% 25.271,27
A11: 5 | B11: ESTRUTURAL | C11: 100,00% 335.486,67 | E11: 50,00% 167.743,34 | F11: 50,00% 167.743,34
A12: 6 | B12: SERVIÇOS AUXILIARES | C12: 100,00% 1.915,81 | G12: 100,00% 1.915,81
A13: 7 | B13: SERVIÇOS FINAIS | C13: 100,00% 6.326,23 | G13: 100,00% 6.326,23
A14: Porcentagem | D14: 10,26% | E14: 45,49% | F14: 39,77% | G14: 4,48%
A15: Custo | D15: 45.334,42 | E15: 201.070,20 | F15: 175.798,94 | G15: 19.796,43
A16: Porcentagem Acumulado | D16: 10,26% | E16: 55,75% | F16: 95,52% | G16: 100,0%
A17: Custo Acumulado | D17: 45.334,42 | E17: 246.404,62 | F17: 422.203,56 | G17: 442.000,00

Sheet MEMORIAL DE CALCULO
B7: ='Orçamento Sintético'!D5 -> CONSTRUÇÃO DE PONTE DE CONCRETO
B9: MEMÓRIA DE CÁLCULO
A10: ITEM | B10: FONTE | C10: CODIGO | D10: DESCRIÇÃO | E10: COMP. | F10: LARG. | G10: ALT. | H10: (X) | I10: DIST. | J10: COEF. | K10: VOLUME | L10: AREA | M10: UNID. | N10: QUANT.
A11: ='Orçamento Sintético'!$A$8 -> 1 | D11: ='Orçamento Sintético'!$D$8 -> SERVIÇOS INICIAIS
A12: ='Orçamento Sintético'!A9 -> 1.1 | B12: ='Orçamento Sintético'!C9 -> SINAPI | C12: ='Orçamento Sintético'!B9 -> 103689 | D12: ='Orçamento Sintético'!D9 -> FORNECIMENTO E INSTALAÇÃO DE PLACA DE OBRA COM CHAPA GALVANIZADA E ESTRUTURA DE MADEIRA. AF_03/2022_PS | E12: =N12 -> 4.5 | M12: ='Orçamento Sintético'!E9 -> m² | N12: ='Orçamento Sintético'!F9 -> 4.5
A13: ='Orçamento Sintético'!A10 -> 1.2 | B13: ='Orçamento Sintético'!C10 -> SINAPI | C13: ='Orçamento Sintético'!B10 -> 73686 | D13: ='Orçamento Sintético'!D10 -> LOCACAO DA OBRA, COM USO DE EQUIPAMENTOS TOPOGRAFICOS, INCLUSIVE NIVELADOR | L13: =N13 -> 65 | M13: ='Orçamento Sintético'!E10 -> m² | N13: ='Orçamento Sintético'!F10 -> 65
A14: ='Orçamento Sintético'!A12 -> 2 | B14: ='Orçamento Sintético'!C12 -> 0 | C14: ='Orçamento Sintético'!B12 | D14: ='Orçamento Sintético'!D12 -> ADMINISTRAÇÃO DE OBRA | E14: COMP. | F14: LARG. | G14: ALT. | H14: (X) | I14: DIST. | J14: COEF. | K14: VOLUME | L14: AREA | M14: UNID. | N14: QUANT.
A15: ='Orçamento Sintético'!A13 -> 2.1 | B15: ='Orçamento Sintético'!C13 -> SINAPI | C15: ='Orçamento Sintético'!B13 -> 93572 | D15: ='Orçamento Sintético'!D13 -> ENCARREGADO GERAL DE OBRAS COM ENCARGOS COMPLEMENTARES | K15: =N15 -> 4 | M15: ='Orçamento Sintético'!E13 -> MES | N15: ='Orçamento Sintético'!F13 -> 4
A16: ='Orçamento Sintético'!A14 -> 2.2 | B16: ='Orçamento Sintético'!C14 -> SINAPI | C16: ='Orçamento Sintético'!B14 -> 100305 | D16: ='Orçamento Sintético'!D14 -> ENGENHEIRO CIVIL JUNIOR COM ENCARGOS COMPLEMENTARES | K16: =N16 -> 102.7 | M16: ='Orçamento Sintético'!E14 -> H | N16: ='Orçamento Sintético'!F14 -> 102.7
A17: ='Orçamento Sintético'!A15 -> 3 | B17: ='Orçamento Sintético'!C15 -> 0 | C17: ='Orçamento Sintético'!B15 | D17: ='Orçamento Sintético'!D15 -> MOBILIZAÇÃO E DESMOBILIZAÇÃO | K17: =N17 -> 1 | M17: ='Orçamento Sintético'!E15 -> 0 | N17: ='Orçamento Sintético'!F15 -> 1
A18: ='Orçamento Sintético'!A16 -> 3.1 | B18: ='Orçamento Sintético'!C16 -> Próprio | C18: ='Orçamento Sintético'!B16 -> 053 | D18: ='Orçamento Sintético'!D16 -> DESMOBILIZAÇÃO | K18: =N18 -> 1 | M18: ='Orçamento Sintético'!E16 -> UND | N18: ='Orçamento Sintético'!F16 -> 1
A19: ='Orçamento Sintético'!A17 -> 3.2 | B19: ='Orçamento Sintético'!C17 -> Próprio | C19: ='Orçamento Sintético'!B17 -> 052 | D19: ='Orçamento Sintético'!D17 -> MOBILIZAÇÃO | K19: =N19 -> 1 | M19: ='Orçamento Sintético'!E17 -> UND | N19: ='Orçamento Sintético'!F17 -> 1
A20: ='Orçamento Sintético'!A18 -> 4 | B20: ='Orçamento Sintético'!C18 -> 0 | C20: ='Orçamento Sintético'!B18 | D20: ='Orçamento Sintético'!D18 -> ESTACAS | K20: =N20 -> 1 | M20: ='Orçamento Sintético'!E18 -> 0 | N20: ='Orçamento Sintético'!F18 -> 1
A21: ='Orçamento Sintético'!A19 -> 4.1 | B21: ='Orçamento Sintético'!C19 -> SINAPI | C21: ='Orçamento Sintético'!B19 -> 102312 | D21: ='Orçamento Sintético'!D19 -> ESCAVAÇÃO MECANIZADA DE VALA COM PROF. DE 3,0 M ATÉ 4,5 M (MÉDIA MONTANTE E JUSANTE/UMA COMPOSIÇÃO POR TRECHO), ESCAVADEIRA (1,2 M3), LARG. DE 1,5 M A 2,5 M, EM SOLO DE 2A CATEGORIA, EM LOCAIS COM ALTO NÍVEL DE INTERFERÊNCIA. AF_09/2024 | K21: =N21 -> 212.5 | M21: ='Orçamento Sintético'!E19 -> m³ | N21: ='Orçamento Sintético'!F19 -> 212.5
A22: ='Orçamento Sintético'!A20 -> 4.2 | B22: ='Orçamento Sintético'!C20 -> SINAPI | C22: ='Orçamento Sintético'!B20 -> 93368 | D22: ='Orçamento Sintético'!D20 -> REATERRO MECANIZADO DE VALA COM ESCAVADEIRA HIDRÁULICA (CAPACIDADE DA CAÇAMBA: 0,8 M³/POTÊNCIA: 111 HP), LARGURA ATÉ 1,5 M, PROFUNDIDADE DE 1,5 A 3,0 M, COM SOLO (SEM SUBSTITUIÇÃO) DE 1ª CATEGORIA, COM COMPACTADOR DE SOLOS DE PERCUSSÃO. AF_08/2023 | K22: =N22 -> 212.5 | M22: ='Orçamento Sintético'!E20 -> m³ | N22: ='Orçamento Sintético'!F20 -> 212.5
A23: ='Orçamento Sintético'!A21 -> 4.3 | B23: ='Orçamento Sintético'!C21 -> SINAPI | C23: ='Orçamento Sintético'!B21 -> 73891/001 | D23: ='Orçamento Sintético'!D21 -> ESGOTAMENTO COM MOTO-BOMBA AUTOESCOVANTE | K23: =N23 -> 105.65 | M23: ='Orçamento Sintético'!E21 -> H | N23: ='Orçamento Sintético'!F21 -> 105.65
A24: ='Orçamento Sintético'!A22 -> 4.4 | B24: ='Orçamento Sintético'!C22 -> SICRO3 | C24: ='Orçamento Sintético'!B22 -> 2306247 | D24: ='Orçamento Sintético'!D22 -> Arrasamento de estacas de concreto com seção de até 900 cm² | K24: =N24 -> 54.65 | M24: ='Orçamento Sintético'!E22 -> m³ | N24: ='Orçamento Sintético'!F22 -> 54.65
A25: ='Orçamento Sintético'!A23 -> 4.5 | B25: ='Orçamento Sintético'!C23 -> SICRO3 | C25: ='Orçamento Sintético'!B23 -> 2306106 | D25: ='Orçamento Sintético'!D23 -> Estaca pré-moldada de concreto protendido 25 x 25 cm - produzida - sem emenda - cravação | K25: =N25 -> 120 | M25: ='Orçamento Sintético'!E23 -> m | N25: ='Orçamento Sintético'!F23 -> 120
A26: ='Orçamento Sintético'!A24 -> 5 | B26: ='Orçamento Sintético'!C24 -> 0 | C26: ='Orçamento Sintético'!B24 | D26: ='Orçamento Sintético'!D24 -> ESTRUTURAL | K26: =N26 -> 1 | M26: ='Orçamento Sintético'!E24 -> 0 | N26: ='Orçamento Sintético'!F24 -> 1
... A61: ='Orçamento Sintético'!A59 -> 7.3 | B61: ='Orçamento Sintético'!C59 -> SINAPI | C61: ='Orçamento Sintético'!B59 -> 102494 | D61: ='Orçamento Sintético'!D59 -> PINTURA DE PISO COM TINTA EPÓXI, APLICAÇÃO MANUAL, 2 DEMÃOS, INCLUSO PRIMER EPÓXI. AF_05/2021 | K61: =N61 -> 65 | M61: ='Orçamento Sintético'!E59 -> m² | N61: ='Orçamento Sintético'!F59 -> 65
